 Dungeon Crawl Stone Soup version 0.16-a0-2669-g4c00d22 (webtiles) character file.

23 Ololoev the Chopper (level 3, -1/28 HPs)
             Began as a Vine Stalker Berserker on Nov 24, 2014.
             Was a Believer of Trog.
             Slain by Grinder (3 damage)
             ... on level 3 of the Dungeon.
             The game lasted 00:02:17 (314 turns).

Ololoev the Chopper (Vine Stalker Berserker)         Turns: 314, Time: 00:02:17

Health: -1/28      AC:  2    Str: 25    XL:     3   Next: 0%
Magic:  0/4        EV: 12    Int:  7    God:    Trog [**....]
Gold:   65         SH:  0    Dex: 13    Spells: 0 memorised, 2 levels left

rFire  . . .     SeeInvis .     a - +0 hand axe
rCold  . . .     Clarity  .     b - +0 animal skin
rNeg   . . .     SustAb   .     (no shield)
rPois  .         Gourm    .     (no helmet)
rElec  .         Spirit   +     (no cloak)
rCorr  .         Warding  .     (no gloves)
rMut   .         Stasis   .     (no boots)
MR     .....                    (no amulet)
Stlth  ..........               (no ring)
                                (no ring)

@: berserking, very quick, not resistant to hostile enchantments, extremely
unstealthy
A: fangs 2, regeneration 1, magic shield, antimagic bite, no device heal 3, rot
immunity
a: Burn Spellbooks, Berserk, Trog's Hand, Renounce Religion


You were on level 3 of the Dungeon.
You worshipped Trog.
Trog was pleased with you.
You were hungry.

You visited 1 branch of the dungeon, and saw 3 of its levels.

You collected 65 gold pieces.

Notes
Turn   | Place    | Note
--------------------------------------------------------------
     0 | D:1      | Ololoev, the Vine Stalker Berserker, began the quest for the Orb.
     0 | D:1      | Reached XP level 1. HP: 11/11 MP: 1/1
    68 | D:1      | Reached skill level 3 in Axes
    88 | D:1      | Reached XP level 2. HP: 1/16 MP: 0/3
   238 | D:2      | Found a glowing silver altar of Zin.
   292 | D:3      | Acquired Trog's second power
   292 | D:3      | Reached XP level 3. HP: 14/19 MP: 4/4
   305 | D:3      | Noticed Grinder
   314 | D:3      | Slain by Grinder

Inventory:

Hand weapons
 a - a +0 hand axe (weapon)
Armour
 b - a +0 animal skin (worn)
Scrolls
 g - a scroll of amnesia {unknown}
 h - a scroll of identify {unknown}
 i - a scroll of enchant weapon {unknown}
Potions
 d - 2 potions of curing {unknown}
 e - a potion of restore abilities {unknown}
 f - 2 potions of agility {unknown}
Comestibles
 c - 2 bread rations
 j - a meat ration

Table legend:
 A = Turns spent in this place as a percentage of turns spent in the entire game.
 B = Non-inter-level travel turns spent in this place as a percentage of non-inter-level travel turns spent in the entire game.
 C = Inter-level travel turns spent in this place as a percentage of turns spent in this place.
 D = Turns resting spent in this place as a percentage of non-inter-level travel turns spent in this place.
 E = Turns spent auto-exploring this place as a percentage of non-inter-level travel turns spent in this place.
 F = Non-inter-level travel turns spent in this place divided by the number of levels of this place that you've seen.
                   A       B       C       D       E      F
               +-------+-------+-------+-------+-------+----------------------
         Total | 100.0 | 100.0 |   0.0 |   1.5 |   0.4 |  89.3
       Dungeon | 100.0 | 100.0 |   0.0 |   1.5 |   0.4 |  89.3
               +-------+-------+-------+-------+-------+----------------------


   Skills:
 - Level 2.6 Fighting
 + Level 3.6 Axes
 - Level 1.5 Armour
 - Level 1.5 Dodging


You had 2 spell levels left.
You didn't know any spells.

Dungeon Overview and Level Annotations

Branches:
Dungeon (3/15)

Altars:
Zin

Annotations:
D:3 Grinder


Innate Abilities, Weirdness & Mutations

You have extremely sharp teeth.
Your natural rate of healing is unusually fast.
When hurt, damage is shared between your health and your magic reserves.
Your bite disrupts and absorbs the magic of your enemies.
Potions and wands cannot restore your health.
You are immune to rotting.


Message History

Increase (S)trength, (I)ntelligence, or (D)exterity?
You feel stronger.
You see here a dagger.
Things that are here:
a short sword; a kobold corpse You offer a prayer to Trog.
The kobold corpse is consumed in a column of flame.
Trog is pleased with you.
Grinder comes into view.
Grinder gestures at you. You resist with significant effort.
Grinder gestures.
Grinder blinks!
You hit Grinder but do no damage. Grinder gestures at you.
Pain shoots through your body!
Use which ability? (? or * to list)
A red film seems to cover your vision as you go berserk!
You feel yourself moving faster!
You feel mighty!
You are feeling hungry.
Grinder gestures at you. Pain shoots through your body!
You barely miss Grinder. Your bite misses Grinder. Grinder barely misses you.
You barely miss Grinder. You bite Grinder!
Grinder's magic leaks into the air.
You drain his magic.
You feel invigorated.
Grinder is lightly wounded.
Grinder falters for a moment.
You slash Grinder! You bite Grinder!
Grinder's magic leaks into the air.
You drain his magic.
Grinder is severely wounded.
Grinder barely misses you.
You hit Grinder. Your bite misses Grinder.
Grinder is almost dead.
You closely miss Grinder.
Grinder is almost dead.
Grinder hits you!
You writhe in agony.
You hit Grinder.
Grinder is almost dead.
Grinder hits you.
You writhe in agony.
You die...

... #.########...
#.......##..#
##.......##..#
........##..#
#......##..#
#......##..#
#......##..##.#
####........@....#
####...........5.##.#
#...........####.#
#...........# .#
#...........# .#
#..)).......# .#
#...........# .#
#......)....####.##
####......... .....


You could see Grinder.

Table legend:
 A = Kills in this place as a percentage of kills in entire the game.
 B = Kills by you in this place as a percentage of kills by you in the entire game.
 C = Kills by friends in this place as a percentage of kills by friends in the entire game.
 D = Other kills in this place as a percentage of other kills in the entire game.
 E = Experience gained in this place as a percentage of experience gained in the entire game.
 F = Experience gained in this place divided by the number of levels of this place that you have seen.
                   A       B       C       D       E      F
               +-------+-------+-------+-------+-------+----------------------
         Total | 100.0 | 100.0 |  -nan |  -nan | 100.0 |  11.3
       Dungeon | 100.0 | 100.0 |  -nan |  -nan | 100.0 |  11.3
               +-------+-------+-------+-------+-------+----------------------

Vanquished Creatures
  An adder (D:2)
  2 goblins
  5 hobgoblins
  3 kobolds
  A ball python (D:3)
  A bat (D:1)
  A rat (D:1)
14 creatures vanquished.

Action                   || total
-------------------------++-------
Melee: Hand axe          ||    39
Invok: Berserk           ||     3

Vault maps used:
D:1:      sevenhm_arrival_forest_fort_small_4
D:2:      nicolae_overflow_hidden_temple, nicolae_overflow_crystal_walls,
          zin_academy, minmay_misc_feat_cross, uniq_sigmund
D:3:      uniq_grinder
